 Dungeon Crawl Stone Soup version 0.25-a0-447-gff83419037 (webtiles) character file.

Game seed: 8142724174715664993, levelgen mode: deterministic

7476 asgasgas the Grappler (level 10, -4/98 HPs)
             Began as a Troll Berserker on Jan 31, 2020.
             Was a High Priest of Trog.
             Slain by a yak (7 damage)
             ... on level 9 of the Dungeon.
             The game lasted 00:28:47 (7745 turns).

asgasgas the Grappler (Troll Berserker)             Turns: 7745, Time: 00:28:47

Health: -4/98      AC:  6    Str: 27    XL:     10   Next: 94%
Magic:  3/3        EV: 13    Int:  3    God:    Trog [*****.]
Gold:   582        SH:  5    Dex: 12    Spells: 9/9 levels left

rFire    . . .     SeeInvis .   j - +7 battleaxe (antimagic)
rCold    . . .     Gourm    +   (shield currently unavailable)
rNeg     . . .     Faith    .   a - +0 animal skin
rPois    .         Spirit   .   (helmet restricted)
rElec    .         Reflect  +   (no cloak)
rCorr    .         Harm     .   (gloves unavailable)
MR       .....                  (boots unavailable)
Stlth    ++........             F - +5 amulet of reflection
HPRegen  0.66/turn              (no ring)
MPRegen  0.08/turn              (no ring)

@: no status effects
A: large, unfitting armour, claws 3, fast metabolism 3, gourmand, regeneration
1, shaggy fur 1, tough skin 3
a: Berserk, Trog's Hand, Brothers in Arms, Renounce Religion


You were on level 9 of the Dungeon.
You worshipped Trog.
Trog was extremely pleased with you.
You were completely stuffed.

You visited 1 branch of the dungeon, and saw 9 of its levels.
You also visited: Sewer and Bailey.

You collected 582 gold pieces.

Inventory:

Hand Weapons
 j - a +7 antimagic battleaxe (weapon)
Armour
 a - a +0 animal skin (worn)
Jewellery
 d - an uncursed amulet of regeneration
 e - a cursed amulet of inaccuracy {unknown}
 F - a +5 amulet of reflection (around neck)
Wands
 c - a wand of flame (14)
 p - a wand of disintegration (22)
 y - a wand of random effects (19)
 B - a wand of clouds (6)
 C - a wand of polymorph (2)
Scrolls
 k - 8 scrolls of teleportation
 s - 5 scrolls of remove curse
 u - 2 scrolls of enchant armour {unknown}
 v - a scroll of amnesia {unknown}
 x - 4 scrolls of fear {unknown}
 A - a scroll of summoning {unknown}
 D - 2 scrolls of blinking
 G - a scroll of acquirement {unknown}
Potions
 f - 2 potions of heal wounds
 g - 4 potions of curing
 h - 3 potions of haste
 i - 2 potions of ambrosia
 l - a potion of invisibility {unknown}
 m - a potion of mutation {unknown}
 n - 4 potions of might
 o - 2 potions of magic {unknown}
 q - 2 potions of agility
 r - 3 potions of brilliance
 t - 2 potions of flight
 w - a potion of cancellation {unknown}
 E - a potion of experience {unknown}
 H - a potion of resistance
 I - a potion of degeneration {unknown}
Comestibles
 b - 18 rations
 z - 7 chunks of flesh


   Skills:
 + Level 5.6 Fighting
 * Level 2.9 Axes
 + Level 7.6 Dodging
 + Level 3.0 Stealth
 - Level 11.7 Unarmed Combat


You had 9 spell levels left.
You didn't know any spells.
Your spell library contained the following spells:

 Spells                   Type           Power        Failure   Level  Hunger
 Corona                   Hex            #......      52%         1    ##.....
 Shock                    Conj/Air       #...         52%         1    ##.....
 Slow                     Hex            #.......     67%         2    ###....
 Swiftness                Chrm/Air       #.......     67%         2    ###....
 Inner Flame              Hex/Fire       #.......     88%         3    ####...
 Portal Projectile        Hex/Tloc       #.....       88%         3    ####...
 Static Discharge         Conj/Air       #.......     88%         3    ####...
 Airstrike                Air            #.........   99%         4    #####..
 Cause Fear               Hex            #.........   99%         4    #####..
 Leda's Liquefaction      Hex/Erth       #.........   99%         4    #####..
 Lightning Bolt           Conj/Air       #.........   100%        5    ######.


Dungeon Overview and Level Annotations

Branches:
Dungeon (9/15)             Temple (0/1) D:4           Sewer (visited)
 Bailey (visited)
   Lair: D:8-11         Orc: D:9-12

Altars:
Ashenzari
Elyvilon
Fedhas
Gozag
Nemelex Xobeh
Sif Muna
Uskayaw
Yredelemnul

Shops:
D:9 *


Innate Abilities, Weirdness & Mutations

You are too large for most types of armour.
You have claws for hands.
Your metabolism is lightning-fast.
You like to eat raw meat.
Your natural rate of healing is unusually fast.
You are covered in fur. (AC +1)
You have extremely tough skin. (AC +3)


Message History

You slash the yak! You hit the yak. The yak gores you! The yak gores you.
* * * LOW HITPOINT WARNING * * *
The yak closely misses you. The yak misses you. You block the yak's attack.
The yak misses you.
You slice the yak!!
The yak is almost dead.
You hit the yak. You barely miss the yak. The yak closely misses you.
The yak gores you but does no damage. The yak gores you!
* * * LOW HITPOINT WARNING * * *
You slash the yak!
The yak is almost dead.
You slash the yak!
You kill the yak!
Trog accepts your kill.
You hit the yak. You block the yak's attack. The yak gores you!
* * * LOW HITPOINT WARNING * * *
The yak gores you!
* * * LOW HITPOINT WARNING * * *
The yak gores you!
You die...

#......##########...
#......# #...
...##+##......# .
#... ..............#
.. #...
#.....#''######...
#... #....
#.......%... #...
#... #...........
#... #.. ##).......#
###... #.
#.)..@Y...# #..... #
#.....Y...# #....(
#.######..# #.....
#. ..# #..... #. #
#..... #. #..... #.
#..... #. #.....
+#.....


You could see 2 yaks.

Vanquished Creatures
  An orc knight (Bailey)
  A cyclops (D:9)
  An ugly thing (D:8)
  2 hippogriffs
  A yak (D:9)
  Eustachio (D:6)
  A water moccasin (D:8)
  11 orc warriors
  3 ice beasts
  A phantom (D:6)
  2 sky beasts
  7 ogres
  4 centaurs
  A big kobold (D:5)
  3 bullfrogs
  A scorpion (D:4)
  A water moccasin skeleton (D:5)
  3 wights (D:8)
  5 howler monkeys (D:7)
  2 crimson imps
  A bullfrog zombie (D:8)
  A centaur skeleton (D:8)
  2 hounds
  6 orc priests
  2 iguanas
  4 orc wizards
  A worker ant (D:6)
  A hound zombie (D:6)
  2 hound skeletons
  A worker ant zombie (D:5)
  12 gnolls
  14 adders
  3 river rats (Sewer)
  5 shadow imps
  2 oozes (Sewer)
  An adder skeleton (D:8)
  2 worms (D:2)
  A dart slug (D:3)
  7 leopard geckos
  31 orcs
  5 giant cockroaches
  32 goblins
  15 hobgoblins
  12 jackals
  4 quokkas
  6 ball pythons
  9 bats
  4 frilled lizards
  28 kobolds
  2 leopard gecko skeletons
  2 quokka skeletons
  27 rats
  A spectral orc (D:5)
298 creatures vanquished.

Vanquished Creatures (collateral kills)
  An orc warlord (Bailey)
  A two-headed ogre (D:8)
  6 orc warriors (Bailey)
  A big kobold (D:8)
  A bullfrog (D:8)
  3 gnolls (Bailey)
  3 goblins (Bailey)
  A hobgoblin (Bailey)
17 creatures vanquished.

Grand Total: 315 creatures vanquished

Notes
Turn   | Place    | Note
-------+----------+-------------------------------------------
     0 | D:1      | asgasgas the Troll Berserker began the quest for the Orb.
     0 | D:1      | Reached XP level 1. HP: 22/22 MP: 0/0
   145 | D:1      | Reached XP level 2. HP: 25/29 MP: 1/1
   738 | D:2      | Reached XP level 3. HP: 35/36 MP: 2/2
   964 | D:2      | Reached ** piety under Trog
  1237 | D:2      | Found a shimmering blue altar of Sif Muna.
  1305 | D:2      | Reached XP level 4. HP: 41/45 MP: 3/3
  1577 | D:3      | Found a hide-covered altar of Uskayaw.
  1578 | D:3      | Reached skill level 4 in Unarmed Combat
  1607 | D:3      | Found a glowing drain.
  1671 | Sewer    | Entered a sewer
  1802 | Sewer    | Reached *** piety under Trog
  1809 | Sewer    | Reached XP level 5. HP: 41/53 MP: 4/4
  2444 | D:3      | Reached skill level 5 in Unarmed Combat
  2888 | D:4      | Reached XP level 6. HP: 61/61 MP: 5/5
  3006 | D:4      | Reached skill level 6 in Unarmed Combat
  3056 | D:4      | Reached XP level 7. HP: 33/67 MP: 6/6
  3242 | D:4      | Found a sparkling altar of Nemelex Xobeh.
  3256 | D:4      | Reached skill level 1 in Stealth
  3313 | D:4      | Found a blossoming altar of Fedhas.
  3327 | D:4      | Found a staircase to the Ecumenical Temple.
  3331 | D:4      | Reached **** piety under Trog
  3521 | D:5      | Entered Level 5 of the Dungeon
  3611 | D:5      | Reached skill level 7 in Unarmed Combat
  3703 | D:5      | Found a white marble altar of Elyvilon.
  3881 | D:5      | Reached XP level 8. HP: 76/76 MP: 7/7
  3967 | D:5      | Found an opulent altar of Gozag.
  4067 | D:5      | Found a basalt altar of Yredelemnul.
  4466 | D:6      | Noticed Eustachio
  4475 | D:6      | Killed Eustachio
  4475 | D:6      | Reached skill level 5 in Dodging
  4475 | D:6      | Reached skill level 8 in Unarmed Combat
  4812 | D:6      | Reached skill level 9 in Unarmed Combat
  5272 | D:7      | Found a shattered altar of Ashenzari.
  5344 | D:7      | Reached ***** piety under Trog
  5344 | D:7      | Received a gift from Trog
  5358 | D:7      | Reached XP level 9. HP: 80/84 MP: 8/8
  5449 | D:7      | Found a flagged portal.
  5489 | Bailey   | Entered a bailey
  5637 | Bailey   | Reached skill level 10 in Unarmed Combat
  5768 | Bailey   | Noticed an orc knight
  5775 | Bailey   | Killed an orc knight
  5884 | Bailey   | Reached skill level 11 in Unarmed Combat
  5949 | Bailey   | Received a gift from Trog
  6042 | Bailey   | Noticed an orc warlord
  6053 | Bailey   | Killed an orc warlord
  6053 | Bailey   | Reached XP level 10. HP: 94/94 MP: 9/9
  6057 | Bailey   | Identified the +12 hand crossbow "Gemeaw" {vorpal, Str+4
                  | Int+3}
  6430 | D:8      | Noticed a purple ugly thing
  6438 | D:8      | Killed a purple ugly thing
  6448 | D:8      | Reached skill level 5 in Fighting
  6716 | D:8      | Reached skill level 1 in Axes
  6846 | D:8      | Noticed a two-headed ogre
  6859 | D:8      | Killed a two-headed ogre
  7424 | D:9      | Noticed a cyclops
  7432 | D:9      | Killed a cyclops
  7512 | D:9      | Received a gift from Trog
  7627 | D:9      | Found Kariblix's Serpentskin Sales.
  7745 | D:9      | HP: 3/98 [yak (10)]
  7745 | D:9      | Slain by a yak

Levels and vault maps discovered:
D:1:      minmay_arrival_stone_box, layout_basic
D:2:      layout_loops_cross, led_sif_pool, first_ration,
          chequers_decorated_corner
D:3:      layout_rooms, lemuel_crystal_altar, portal_sewer_entry_f,
          grunt_decor_cap, kennysheep_doodads, chequers_serial_rivers_micro_a
D:4:      layout_loops_ring, nemelex_xobeh_ov_fountains_minmay,
          lemuel_round_altar, minmay_temple_entry_statues_fountains
D:5:      layout_gridville, elyvilon_altar_1,
          yredelemnul_forgotten_temple_becter, basic_altar
D:6:      layout_loops_ring, nicolae_overflow_hidden_temple,
          minmay_ogre_servants, uniq_eustachio
D:7:      layout_cave_pools, ashenzari_conservatory_becter, enter_bailey_2
D:8:      layout_basic, blue_anna_alchemist [blue_anna_fruit_fields,
          blue_anna_fruit_fields]
D:9:      hangedman_screamer, layout_irregular_city, guppyfry_shop_venom

Skill      XL: |  1  2  3  4  5  6  7  8  9 10 |
---------------+-------------------------------+-----
Fighting       | 3 4 5 |  5.6
Dodging        | 3 4 5 6 7 |  7.6
Unarmed Combat | 4 5 6 7 9 11 | 11.7
Stealth        | 1 2 3 |  3.0
Axes           | 2 |  2.9

Action                   |  1- 3 |  4- 6 |  7- 9 | 10-12 || total
-------------------------+-------+-------+-------+-------++-------
Melee: Unarmed           |   118 |   195 |   330 |    80 ||   723
       Punch             |       |     4 |    26 |     8 ||    38
       Battleaxe         |       |       |       |    83 ||    83
Invok: Berserk           |       |       |     3 |       ||     3
       Brothers in Arms  |       |       |     1 |     1 ||     2
  Use: Scroll            |       |     8 |     1 |    12 ||    21
       Potion            |       |     2 |       |     1 ||     3
 Stab: Sleeping          |       |     1 |     1 |     3 ||     5
       Distracted        |       |       |     1 |       ||     1
  Eat: Chunk             |    17 |    16 |    31 |    17 ||    81
Armor: Animal skin       |    57 |    88 |    90 |    23 ||   258
Dodge: Dodged            |    79 |   130 |   192 |   107 ||   508
Block: Other             |       |       |       |    40 ||    40
       Reflection        |       |       |       |     1 ||     1

Table legend:
 A = Non-vault XP
 B = Vault XP
 C = Vault XP percentage of total XP
 D = Non-vault monster count
 E = Vault monster count
 F = Vault count percentage of total count
                 A         B        C        D         E       F
            +---------+---------+-------+---------+---------+-------
      Total |    7162 |    3518 |  32.9 |     178 |     137 |  43.5
            +---------+---------+-------+---------+---------+-------
        D:1 |      28 |       0 |   0.0 |      16 |       0 |   0.0
        D:2 |      81 |       0 |   0.0 |      24 |       0 |   0.0
        D:3 |     111 |      10 |   8.3 |      20 |       4 |  16.7
        D:4 |     613 |       0 |   0.0 |      15 |       0 |   0.0
        D:5 |     568 |       1 |   0.2 |      22 |       1 |   4.3
        D:6 |     678 |     333 |  32.9 |      13 |      10 |  43.5
        D:7 |     764 |       0 |   0.0 |      17 |       0 |   0.0
        D:8 |    2786 |      50 |   1.8 |      40 |       1 |   2.4
        D:9 |    1533 |      28 |   1.8 |      11 |       4 |  26.7
      Sewer |       0 |     128 | 100.0 |       0 |      48 | 100.0
     Bailey |       0 |    2968 | 100.0 |       0 |      69 | 100.0
            +---------+---------+-------+---------+---------+-------
